 Dungeon Crawl Stone Soup version 0.30-a0-223-gcb0039aa0c (webtiles) character file.

Game seed: 3873564051513949406

60 Charly the Conjurer (level 3, 0/25 (29) HPs)
             Began as a Draconian Reaver on Oct 9, 2022.
             Killed by divine providence
             ... invoked by an orc priest
              (10 damage)
             ... on level 3 of the Dungeon.
             The game lasted 00:08:49 (2143 turns).

Charly the Conjurer (Draconian Reaver)              Turns: 2143, Time: 00:08:50

HP:   0/25 (29)     AC: 12    Str: 14    XL:     3   Next: 80%
MP:   2/6           EV: 12    Int: 15    God:
Gold: 117           SH:  0    Dex:  9    Spells: 3/6 levels left

rFire   . . .      SeeInvis .    a - +0 spear (protect)
rCold   . . .      Faith    .    (no shield)
rNeg    . . .      Spirit   .    (body armour unavailable)
rPois   .          Reflect  .    (helmet restricted)
rElec   .          Harm     .    d - scarf {repulsion}
rCorr   .          Rampage  .    (no gloves)
Will    .....                    (no boots)
Stlth   ++........               (no amulet)
HPRegen 0.24/turn                (no ring)
MPRegen 0.10/turn                (no ring)

@: under a protective aura, very slightly contaminated, heavily drained, repel
missiles
A: AC +5, unfitting armour, cold-blooded
a: no special abilities


You were on level 3 of the Dungeon.
You visited 1 branch of the dungeon, and saw 3 of its levels.

You collected 117 gold pieces.

Inventory:

Hand Weapons
 a - a +0 spear of protection (weapon)
Missiles
 f - 5 poisoned darts
Armour
 d - a scarf of repulsion (worn)
 e - a +0 cloak
Jewellery
 j - a ring of ice
Scrolls
 i - a scroll of fear {unknown}
Potions
 b - 2 potions of degeneration {unknown}
 c - 4 potions of brilliance
 g - a potion of curing {unknown}
 h - a potion of attraction {unknown}
 k - a potion of might {unknown}
 l - 2 potions of haste {unknown}


   Skills:
 - Level 2.2 Fighting
 - Level 3.0 Polearms
 - Level 1.7 Dodging
 - Level 2.0 Stealth
 - Level 2.0 Spellcasting
 + Level 3.6 Conjurations
 - Level 1.0 Necromancy
 + Level 1.1 Translocations


You had 3 spell levels left.
You knew the following spells:

 Your Spells              Type           Power      Damage    Failure   Level
a - Kiss of Death         Conj/Necr      32%        2d7       9%          1
b - Momentum Strike       Conj/Tloc      16%        3d8       12%         2

Your spell library contained the following spells:

 Spells                   Type           Power      Damage    Failure   Level
 Hailstorm                Conj/Ice       7%         3d4       30%         3


Dungeon Overview and Level Annotations

Branches:
Dungeon (3/15)

Altars:
Kikubaaqudgha
Sif Muna


Innate Abilities, Weirdness & Mutations

Your plain brown scales are hard. (AC +5)
You cannot fit into any form of body armour.
You are cold-blooded and may be slowed by cold attacks.


Message History

The orc hits you with a +0 hand axe.
You closely miss the orc.
Your tail-slap misses the orc.
The orc is almost dead.
The orc hits you but does no damage.
You hit the orc but do no damage.
The orc is almost dead.
The orc barely misses you.
You closely miss the orc.
The orc is almost dead.
The orc hits you but does no damage.
You barely miss the orc.
The orc is almost dead.
The orc hits you but does no damage.
You hit the orc.
You kill the orc!
You reach to attack!
You closely miss the orc.
An orc priest comes into view. It is wielding a +0 hand axe.
The orc priest shouts!
You hit the orc.
The orc is moderately wounded.
The orc priest invokes the aid of Beogh against you.
Beogh smites you! The orc hits you with a +0 whip.
You closely miss the orc.
The orc is moderately wounded.
The orc priest calls upon Beogh to heal the orc.
The orc's wounds heal themselves!
The orc misses you.
Aiming: Momentum Strike (safe; 12% risk of failure)
Press: ? - help, Q - select action, (/) - cycle Dir - move target, f - orc priest, p - orc
Aim: an orc priest, wielding a +0 hand axe and wearing a +0 leather armour (68% to hit)
You miscast Momentum Strike.
You are very lightly contaminated with residual magic.
Nothing appears to happen.
The orc hits you but does no damage.
Aiming: Momentum Strike (safe; 12% risk of failure)
Press: ? - help, Q - select action, (/) - cycle Dir - move target, f/p - orc priest
Aim: an orc priest, wielding a +0 hand axe and wearing a +0 leather armour (68% to hit)
You miscast Momentum Strike.
Nothing appears to happen.
The orc priest invokes the aid of Beogh against you.
Beogh smites you!
You die...

>####.#######.#
.########## #.#
##≈≈≈≈≈≈≈≈###.##
#≈≈......≈≈##..###
≈≈........≈≈##...#
≈.[.....o..≈≈###.#
....o...o...≈≈##.#
...≈≈≈≈≈≈....≈≈#.#
..≈♣♣♣♣♣♣≈....≈#@#
.. ♣≈....≈#o# .
♣≈.....'o#
♣≈.....'.#
♣≈....≈###
♣≈....≈# ≈≈....≈≈#
......≈≈##
.....≈≈##


You could see an orc priest and an orc.

Vanquished Creatures
  A worm (D:2)
  5 orcs (D:3)
  7 bats
  7 endoplasms
  3 giant cockroaches
  2 goblins (D:2)
  5 hobgoblins
  3 jackals (D:2)
  2 quokkas
  4 ball pythons
  2 frilled lizards
  3 kobolds
  4 rats
48 creatures vanquished.

Vanquished Creatures (others)
  3 adders
  An orc (D:3)
  A goblin (D:1)
  2 hobgoblins (D:1)
7 creatures vanquished.

Grand Total: 55 creatures vanquished

Notes
Turn   | Place    | Note
-------+----------+-------------------------------------------
     0 | D:1      | Charly the Draconian Reaver began the quest for the Orb.
     0 | D:1      | Reached XP level 1. HP: 17/17 MP: 3/3
    92 | D:1      | Reached skill level 1 in Stealth
   114 | D:1      | Reached XP level 2. HP: 24/24 MP: 5/5
   188 | D:1      | Learned a level 2 spell: Momentum Strike
   743 | D:2      | Reached XP level 3. HP: 29/29 MP: 6/6
   988 | D:2      | Found a faded altar of an unknown god.
   999 | D:2      | Reached skill level 1 in Translocations
  1001 | D:2      | Reached skill level 1 in Necromancy
  1337 | D:3      | Identified the +3 ring mail "Itiureq" {Will+ Str-3 Int+7
                  | Stlth+}
  1913 | D:3      | Found an ancient bone altar of Kikubaaqudgha.
  1988 | D:3      | Found a shimmering blue altar of Sif Muna.
  2143 | D:3      | Killed from afar by an orc priest

Illustrated notes

Levels and vault maps discovered:
D:1:      saegor_arrival_simple_c, layout_rooms, minmay_split_cup_small
D:2:      layout_basic, hellmonk_ecumenical_altar_dog_temple
D:3:      layout_loops_cross, mainiacjoe_overflow_alcove_4, led_sif_pool,
          kennysheep_big_empty_room

Skill      XL: |  1  2  3 |
---------------+----------+-----
Stealth        | 1 2 |  2.0
Translocations | 1 |  1.1
Necromancy     | 1 |  1.0
Fighting       | |  2.2
Polearms       | |  3.0
Dodging        | |  1.7
Spellcasting   | |  2.0
Conjurations   | |  3.6

Action                   || total
-------------------------++-------
Melee: Spear             ||   186
       Tailslap          ||    23
 Cast: Momentum Strike   ||     9
       Kiss of Death     ||     1
  Use: Scroll            ||     4
 Stab: Distracted        ||     1
       Sleeping          ||     9
Armor: Skin              ||    48
Dodge: Dodged            ||    96

Table legend: (Time is in decaauts)
 A = Elapsed time spent in this place.
 B = Non-inter-level travel time spent in this place.
 C = Inter-level travel time spent in this place.
 D = Time resting spent in this place.
 E = Time spent auto-exploring this place.
 F = Levels seen in this place.
 G = Mean time per level.
                   A        B        C        D        E       F      G
               +--------+--------+--------+--------+--------+-----+--------+
         Total |   2133 |   2006 |    127 |      0 |   1555 |   3 |  711.0 |
       Dungeon |   2133 |   2006 |    127 |      0 |   1555 |   3 |  711.0 |
               +--------+--------+--------+--------+--------+-----+--------+

Top non-repeatable levels by time:
     D:3: 850 daAuts
     D:2: 716 daAuts
     D:1: 566 daAuts
